Cogmind - Beta 9.6 *** ADVENTURER MODE // 2020.07.11 @ 14:45:35 Player: Symyn Result: Self-destructed Performance ------------- Evolutions (1) 500 Regions Visited (2) 400 Robots Destroyed (18) 90 Value Destroyed (501) 501 Prototype IDs (2) 40 Alien Tech Used (0) 0 Bonus (0) 0 TOTAL SCORE: 1531 Bonus ------- None Cogmind --------- Core Integrity 220/400 Matter 268/300 Energy 72/100 System Corruption 0% Temperature Cool (0) Movement Core (100) Ox1 Location -9/Materials Parts ------- > --- POWER (1) -------- (None) > --- PROPULSION (3) --- (None) > --- UTILITY (3) ------ Small Storage Unit Signal Interpreter ECM Suite > --- WEAPON (2) ------- Light Assault Rifle > --- INVENTORY (6) ---- Ion Engine Visual Processing Unit Hardened Light Armor Plating Spread Laser Light Assault Rifle Peak State ------------ > --- POWER ------------ Ion Engine > --- PROPULSION ------- Compact Wheel Compact Wheel > --- UTILITY ---------- Small Storage Unit Signal Interpreter ECM Suite > --- WEAPON ----------- Light Assault Rifle Light Assault Rifle > --- INVENTORY -------- Ion Engine Heat Sink Visual Processing Unit EM Pulse Gun Grenade Launcher [Rating: 8] Favorites ----------- Power Ion Engine Engine Ion Engine Propulsion Compact Wheel Wheel Compact Wheel Utility Small Storage Unit Device ECM Suite Storage Small Storage Unit Processor Signal Interpreter Weapon Light Assault Rifle Energy Gun EM Pulse Gun Ballistic Gun Light Assault Rifle Launcher Grenade Launcher Build | -11 -10 -9 ------- Run | Scr Mat Mat Slots Evolved 2 | . . 2 Power . | . . . Propulsion 1 | . . 1 Utility 1 | . . 1 Weapon . | . . . Parts Attached 18 | 6 8 4 Power 1 | 1 . . Engine 1 | 1 . . Core . | . . . Reactor . | . . . Propulsion 3 | 2 1 . Treads . | . . . Leg . | . . . Wheel 3 | 2 1 . Hover . | . . . Flight . | . . . Utility 5 | 1 3 1 Device 3 | . 2 1 Storage 1 | 1 . . Processor 1 | . 1 . Hackware . | . . . Protection . | . . . Artifact . | . . . Weapon 9 | 2 4 3 Energy Gun 2 | . 1 1 Energy Cannon . | . . . Ballistic Gun 6 | 2 3 1 Ballistic Cannon . | . . . Launcher 1 | . . 1 Special Weapon . | . . . Impact Weapon . | . . . Slashing Weapon . | . . . Piercing Weapon . | . . . Special Melee Weapon . | . . . Unidentified Prototypes . | . . . Parts Lost 5 | . . 5 Power 1 | . . 1 Propulsion 2 | . . 2 Utility . | . . . Weapon 2 | . . 2 Highest Loss Streak 5 | . . 5 Average Slot Usage (%) 93 | . 96 85 Engine 13 | . 14 10 Wheel 26 | . 28 20 Device 7 | . 5 11 Storage 13 | . 14 11 Processor 6 | . 5 11 Energy Gun 7 | . 7 8 Ballistic Gun 18 | . 20 11 Naked Turns . | . . . Heaviest Build 15 | 12 13 15 Greatest Support 32 | 32 32 32 Greatest Overweight (x) 1 | 1 . 1 Average Overweight (x) . | . . . Largest Inventory Capacity 6 | 6 6 6 Average Capacity 5 | 5 6 6 Most Carried 6 | 4 6 6 Average Carried 5 | 1 5 5 Final Capacity 6 | 6 6 6 Final Carried 6 | 1 6 5 Class Distribution -------------------- 100% | Mutant Dominant Class ---------------- Mutant | -10/Materials Mutant | -9/Materials Resources | -11 -10 -9 ----------- Run | Scr Mat Mat Matter Collected 415 | 189 183 43 Remotely . | . . . Salvage Created 642 | . 416 226 Parts 41 | . 26 15 Haulers Intercepted . | . . . Recyclers Shooed 1 | . . 1 Parts Field Recycled . | . . . Retrieved Matter . | . . . Parts Self-Destructed . | . . . Prevented . | . . . Kills | -11 -10 -9 ------- Run | Scr Mat Mat Combat Hostiles Destroyed 14 | . 8 6 Guns 12 | . 8 4 AOE 2 | . . 2 Classes Destroyed 5 | . 4 1 Recycler 1 | . 1 . Watcher 3 | . 2 1 Swarmer 4 | . 3 1 Grunt 9 | . 5 4 Sentry 1 | . . 1 Best Kill Streak 6 | . 6 5 Combat Bots Only 5 | . 5 4 Max Kills in Single Turn 3 | . 1 3 Gunslinging . | . . . Exploded 2 | . . 2 Melee . | . . . Uniques/NPCs Destroyed . | . . . Combat | -11 -10 -9 -------- Run | Scr Mat Mat Damage Taken 783 | . 284 499 Core 232 | . 52 180 Absorbed by Shields . | . . . Core Remaining (%) 89 | 100 79 . Volleys Fired 44 | . 22 22 Largest 2 | . 2 2 Hottest 70 | . 60 70 Shots Fired 82 | . 44 38 Gun 80 | . 44 36 Cannon . | . . . Launcher 2 | . . 2 Special . | . . . Kinetic 52 | . 32 20 Thermal . | . . . Explosive 2 | . . 2 Electromagnetic 28 | . 12 16 Robot Hit Streak 12 | . 12 11 Robot Miss Streak 2 | . 1 2 Penetration Max . | . . . Secondary Targets . | . . . Shots Hit Robots 67 | . 36 31 Core Hits 37 | . 22 15 Critical Hits . | . . . Critical Kills . | . . . Critical Parts Destroyed . | . . . Melee Attacks . | . . . Impact . | . . . Slashing . | . . . Piercing . | . . . Sneak Attacks . | . . . Combat Hostiles . | . . . Follow-up Attacks . | . . . Damage Inflicted 865 | . 353 512 Guns 629 | . 353 276 Cannons . | . . . Explosions 236 | . . 236 Melee . | . . . Ramming . | . . . Kinetic 367 | . 231 136 Thermal . | . . . Explosive 236 | . . 236 Electromagnetic 262 | . 122 140 Impact . | . . . Slashing . | . . . Piercing . | . . . Highest Corruption . | . . . Average Corruption . | . . . Corruption Purged . | . . . Overload Shots . | . . . Overflow Damage 47 | . . 47 Projectiles . | . . . Explosions 47 | . . 47 Melee . | . . . Knockbacks . | . . . Impact . | . . . Kinetic . | . . . Secondary . | . . . Self-Inflicted Damage 131 | . . 131 Shots 4 | . . 4 Rammed . | . . . Targets Rammed . | . . . Kicked . | . . . Crushed . | . . . Highest Temperature 54 | . 40 54 Average Temperature 19 | . 17 20 Received Heat Transfer 339 | . 153 186 Siege Activations . | . . . Robots Corrupted . | . . . Combat Hostiles . | . . . Parts Fried . | . . . Impact Corruptions . | . . . Robots Melted . | . . . Combat Hostiles . | . . . Parts Melted . | . . . Heat Transferred . | . . . Parts Sabotaged . | . . . Parts Stolen . | . . . Parts Stripped . | . . . Power Chain Reactions . | . . . Missiles Intercepted . | . . . Alert | -11 -10 -9 ------- Run | Scr Mat Mat Peak Influence 220 | . 220 186 Average Influence 81 | . 99 63 Maximum Alert Level 1 | . 1 . Low Security (%) 88 | 100 82 100 Level 1 11 | . 17 . Level 2 . | . . . Level 3 . | . . . Level 4 . | . . . Level 5 . | . . . High Security . | . . . Max Security . | . . . Squads Dispatched 1 | . . 1 Investigation 1 | . . 1 Extermination . | . . . Reinforcement . | . . . Assault . | . . . Garrison . | . . . Intercept . | . . . Construction Impeded . | . . . Haulers Reinforced . | . . . Stealth | -11 -10 -9 --------- Run | Scr Mat Mat Distress Signals 2 | . 1 1 Communications Jammed . | . . . Distress Signals . | . . . Times Spotted 26 | . 11 15 Peak Tracking Total 6 | . 4 6 Tactical Retreats 3 | . . 3 Traps | -11 -10 -9 ------- Run | Scr Mat Mat Traps Triggered 2 | . 1 1 Indirectly . | . . . Trap Hack Attempts . | . . . Triggered . | . . . Disarmed 1 | . . 1 Reprogrammed . | . . . Reused . | . . . Traps Extracted . | . . . Installed . | . . . Triggered . | . . . Machines | -11 -10 -9 ---------- Run | Scr Mat Mat Machines Disabled 3 | . . 3 Max in Single Turn 3 | . . 3 Machines Sabotaged . | . . . Garrisons Compromised . | . . . Overloaded Fab Kills . | . . . Fab Network Shutdowns . | . . . Hacking | -11 -10 -9 --------- Run | Scr Mat Mat Machines Accessed 4 | . 3 1 Terminals 4 | . 3 1 Fabricators . | . . . Repair Stations . | . . . Recycling Units . | . . . Scanalyzers . | . . . Garrison Access . | . . . Total Hacks 6 | . 3 3 Successful 4 | . 3 1 Failed 2 | . . 2 Catastrophic . | . . . Database Lockouts . | . . . Manual . | . . . Terminals 6 | . 3 3 Fabricators . | . . . Repair Stations . | . . . Recycling Units . | . . . Scanalyzers . | . . . Garrison Access . | . . . Terminal Hacks 4 | . 3 1 Robot Analysis 1 | . 1 . Prototype ID Bank 1 | . 1 . Unreport Threat 1 | . 1 . Disarm Traps 1 | . . 1 Fabricator Hacks . | . . . Repair Station Hacks . | . . . Recycling Unit Hacks . | . . . Scanalyzer . | . . . Garrison Access Hacks . | . . . Unauthorized Hacks . | . . . Terminals . | . . . Fabricators . | . . . Repair Stations . | . . . Recycling Units . | . . . Scanalyzers . | . . . Garrison Access . | . . . Data Cores Recovered . | . . . Used . | . . . Hacking Detections 1 | . . 1 Full Trace Events 1 | . . 1 Feedback Events . | . . . Feedback Blocked . | . . . Robot Schematics Acquired . | . . . Robots Built . | . . . Matter . | . . . Time . | . . . Total Robot Build Rating . | . . . Part Schematics Acquired . | . . . Parts Built . | . . . Matter . | . . . Time . | . . . Total Part Build Rating . | . . . Parts Repaired . | . . . Time . | . . . Parts Recycled . | . . . Recycled Matter . | . . . Retrieved Matter . | . . . Retrieved Components . | . . . Parts Scanalyzed . | . . . Part Schematics Acquired . | . . . Parts Damaged . | . . . Bothacking | -11 -10 -9 ------------ Run | Scr Mat Mat Used RIF Installer . | . . . Robots Hacked . | . . . Non-combat . | . . . Combat . | . . . Robot Hacks Applied . | . . . Relay Couplers Released . | . . . Robots Rewired . | . . . Allies Hacked . | . . . Hacks Repelled . | . . . Allies | -11 -10 -9 -------- Run | Scr Mat Mat Total Allies . | . . . Largest Group . | . . . Highest-Rated Group . | . . . Highest-Rated Ally . | . . . Total Orders . | . . . Ally Attacks . | . . . Total Damage . | . . . Kills . | . . . Allies Corrupted . | . . . Allies Melted . | . . . Intel | -11 -10 -9 ------- Run | Scr Mat Mat Robot Analysis Total 1 | . 1 . Derelict Logs Recovered . | . . . Drone Launches . | . . . Drone Recoveries . | . . . Exploration | -11 -10 -9 ------------- Run | Scr Mat Mat Turns Passed 677 | 66 450 161 Spaces Moved 500 | 59 360 81 Core 12 | 10 . 2 Treads . | . . . Legs . | . . . Wheels 488 | 49 360 79 Hover . | . . . Flight . | . . . Fastest Speed 50 | 50 100 100 Average Speed 99 | 92 100 100 Slowest Speed 100 | 100 100 100 Overloaded Moves . | . . . Propulsion Burnouts . | . . . Robots Hopped . | . . . Cave-ins Triggered . | . . . Exploration Rate (%) 22 | 3 50 13 Regions Visited 2 Branch Regions . Pre-discovered Areas . | . . . Known Exits Taken 1 | . 1 . Unknown Exits Taken 1 | 1 . . Scrap Searched . | . . . Spaces Dug . | . . . Terrain Destroyed 57 | . . 57 Melee . | . . . Projectile . | . . . AOE 57 | . . 57 Actions | -11 -10 -9 --------- Run | Scr Mat Mat Total 605 | 69 410 126 Wait 23 | . 7 16 Move 498 | 58 359 81 Hop . | . . . Pick Up 15 | 5 8 2 Fast Attach 3 | 2 1 . Attach 6 | 4 . 2 Detach . | . . . Swap 9 | . 7 2 Drop 7 | . 6 1 Fire 44 | . 22 22 Melee . | . . . Ram . | . . . Kick . | . . . Crush . | . . . Escape Stasis . | . . . Rewire . | . . . Trap . | . . . Miscellaneous . | . . . Route ------- -11/Scrapyard -10/Materials (discovered 2 exits: *Mat / [*Min]) -9/Materials (discovered 1 exit: *Sto) History --------- Turn | Location | Event 28 | -11/Scrapyard | Discovered new exit (range 15) 67 | -11/Scrapyard | Entered Materials 104 | -10/Materials | Discovered new exit (range 5) 312 | -10/Materials | Build established: Mutant 342 | -10/Materials | Discovered new exit (range 3) 345 | -10/Materials | Identified exit to Materials 517 | -10/Materials | Entered another Materials area 517 | -9/Materials | Evolved 2 slots: Propulsion x1, Utility x1 557 | -9/Materials | Discovered new exit (range 15) 579 | -9/Materials | Identified exit to Storage 678 | -9/Materials | Self-destructed Last Messages --------------- G-34 Mercenary destroyed. W-16 Scout destroyed. Fusion Modulator explodes. Terminal disabled. Fusion Modulator explodes. EM Pulse Gun destroyed. Destroyed EM Pulse Gun. Ion Engine destroyed. Destroyed Ion Engine. Grenade Launcher destroyed. Destroyed Grenade Launcher. Com. Wheel destroyed. Destroyed Com. Wheel. Com. Wheel destroyed. Destroyed Com. Wheel. U-05 Engineer lays Concrete. G-34 Mercenary misfires. U-05 Engineer lays Concrete. G-34 Mercenary destroyed. U-05 Engineer lays Concrete. Map ----- +----------------------------------------------------+ | ???????????# """ ?????????? | | ???????????# " ########????????????????? | | ???????????# #???????????????????????? | | ???????????+ #???????????????????????? | | ???????????# #???????????????????????? | | ???????????########### #???????????????????????? | | ?????????????????????# #???????????????????????? | | ?????????????????????# #???????????????????????? | | ?????????????????????# #???????????????????????? | | ?????????????????????# ###?????????????????????? | | ?????????????????????# #?????????????????????? | | ?????????????????????# % #?????????????????????? | | ?????????????????????# > #?????????????????????? | | ?????????????????????# #?????????????????????? | | ?????????????????????# #??#####??????????????? | | ?????????????????????## #### ###????????????? | | ??????????????????????# #;;;;;;;;;#????????????? | | ??????????????????????# # ;##???????????? | | ??????????????????????# ; ;;##??????????? | | ??????????????????????# ; #??????????? | | ??????????????????????# ;;#???????????? | | ???????????####u#######a g #???????????? | | ????????? ! u #???????????? | | ????????? !% #????????????? | | ????????? #????????????? | | ?????????? ########## [@ ;#????????????? | | ?????????????? !! =%% ; ;;;;;##????????????? | | ????????????# !! """ s** ;;;;;;;#?????????????? | | ????????????# !! """ =% ## #?????????????? | | ????????????????? """ #? #?????????????? | | ????????????????? +% ##? #?????????????? | | ????????????????? # #?? #?????????????? | | ????????????????" # #??? #?????????????? | | ???????????????? ?# #??? #?????????????? | | ???????????????Y#####?# #??? #?????????????? | | ??????????????#???????# ????? #?????????????? | | ??????????????????????# ????? +?????????????? | | ??????????????????????# r????? ?????????????????? | | ??????????????????????# ???????????????????????? | | ??????????????????????#a ???????????????????????? | | ??????????????????????? ???????????????????????? | | ?????????????????????????????????????????????????? | | ?????????????????????????????????????????????????? | | ?????????????????????????????????????????????????? | | ?????????????????????????????????????????????????? | | ?????????????????????????????????????????????????? | | ?????????????????????????????????????????????????? | | ?????????????????????????????????????????????????? | | ?????????????????????????????????????????????????? | | ?????????????????????????????????????????????????? | +----------------------------------------------------+ Best States ------------- Heat Dissipation 35 Energy Generation 10 Energy Capacity 250 Matter Stores 300 Matter Capacity 300 Sight Range 16 Terrain Scan Density 10 ECM Strength 1 Resistance: KI 20 Resistance: TH 20 Resistance: EX 20 Resistance: EM 20 Resistance: I 20 Resistance: S 20 Resistance: P 20 Evasion (%) 50 Offensive Hacking 10 Item Schematics ----------------- None Robot Schematics ------------------ None Fabricated ------------ Nothing Alien Tech Used ----------------- None Achievements -------------- Everything Is Under Control Challenges ------------ None Game ------ Seed HellfireThrusterWand Manual? 0 Play Time 00:12:41 Cumulative 2.8 hours Start 2020.07.03 @ 16:39:23 End 2020.07.11 @ 14:45:35 Sessions 5 Manual Loads 0 Difficulty Adventurer Special Mode None Game No. 7 Rogue 3 Adventurer 4 Explorer 0 Win Type - Total 0 Types 0/0/0/0/0/0/0 Lore% 2 Gallery% 7 Achievement% 5 Wizard Run 0 Options --------- ASCII 0 Keyboard 0 Movement Mouse Keybinds 0 Fullscreen 1 Font 18/SmallcapsGlow Map View 76x50 Tactical HUD 0 Map Filters NONE Filters NONE Steam 1 RUN: 85fd155e-6375-4df3-9707-9b5b6a468d70